 Dungeon Crawl Stone Soup version 0.23.1 (webtiles) character file.

Game seed: 0

148942 prey the Slayer (level 16, -5/168 HPs)
             Began as a Minotaur Berserker on Mar 17, 2019.
             Was the Champion of Trog.
             Killed from afar by Mara (illusionary) (24 damage)
             ... with a bolt of fire
             ... on level 4 of the Spider Nest on Mar 19, 2019.
             The game lasted 04:10:47 (35813 turns).

prey the Slayer (Minotaur Berserker)               Turns: 35813, Time: 04:10:47

Health: -5/168     AC: 41    Str: 24    XL:     16   Next: 95%
Magic:  0/6        EV: 10    Int:  7    God:    Trog [******]
Gold:   2976       SH:  0    Dex:  9    Spells: 15/15 levels left

rFire    + . .     SeeInvis .   q - +5 lajatang (antimagic)
rCold    . . .     Gourm    .   (shield currently unavailable)
rNeg     + . .     Faith    +   w - +15 Maxwell's patent armour {-Cast -Tele rElec MR+ rCorr}
rPois    +         Spirit   +   T - +1 hat
rElec    +         Reflect  .   W - scarf {Spirit}
rCorr    +         Harm     .   g - +4 pair of gloves of Ivvea {rCorr}
MR       +++++     NoTele   +   f - +0 pair of boots Stlth ..........NoCast +
                                I - amulet of faith
HPRegen  1.38/turn              s - ring of protection from magic
MPRegen  0.10/turn              M - ring of Enoz {rPois rF+ rN+ MR+ Dex-3 Slay+3}

@: very slightly contaminated, regenerating, invisible
A: retaliatory headbutt, horns 2
a: Berserk, Trog's Hand, Brothers in Arms, Renounce Religion


You were on level 4 of the Spider Nest.
You worshipped Trog.
Trog was exalted by your worship.
You were very hungry.

You visited 7 branches of the dungeon, and saw 30 of its levels.
You also visited: Bailey and Ice Cave.

You collected 2976 gold pieces.

Inventory:

Hand Weapons
 h - a +2 glaive of venom
 i - a +4 glaive of freezing
 q - a +5 antimagic lajatang (weapon)
 P - the +5 scythe "Finisher" {speed, eviscerate}
   (You found it on level 9 of the Dungeon)

   Attacks with this weapon are significantly faster.
Missiles
 d - 8 tomahawks of returning
 A - 11 steel javelins (quivered)
 J - 4 throwing nets
Armour
 f - a +0 pair of boots (worn)
 g - the +4 pair of gloves of Ivvea (worn) {rCorr}
   (You acquired it on level 11 of the Dungeon)

   It provides partial protection from all sources of acid and corrosion.
 w - the +15 Maxwell's patent armour (worn) {-Cast -Tele rElec MR+ rCorr}
   (You found it on level 5 of the Lair of Beasts)

   It insulates you from electricity.
   It affects your resistance to hostile enchantments.
   It prevents spellcasting.
   It prevents most forms of teleportation.
   It provides partial protection from all sources of acid and corrosion.
 T - a +1 hat (worn)
 W - a scarf of spirit shield (worn)
Jewellery
 s - a ring of protection from magic (left hand)
 I - an amulet of faith (around neck)
 M - the ring of Enoz (right hand) {rPois rF+ rN+ MR+ Dex-3 Slay+3}
   (You found it on level 6 of the Lair of Beasts)

   [ring of positive energy]

   It affects your dexterity (-3).
   It affects your accuracy and damage with ranged weapons and melee attacks
   (+3).
   It protects you from fire.
   It protects you from poison.
   It protects you from negative energy.
   It affects your resistance to hostile enchantments.
Wands
 a - a wand of iceblast (10)
 j - a wand of acid (16)
 t - a wand of clouds (5)
 z - a wand of polymorph (16)
 B - a wand of enslavement (22)
 D - a wand of digging (16)
 F - a wand of disintegration (25)
 G - a wand of flame (21)
Scrolls
 l - 12 scrolls of remove curse
 m - a scroll of holy word {unknown}
 n - a scroll of magic mapping
 o - 12 scrolls of identify
 L - 8 scrolls of teleportation
 U - a scroll of summoning
 Y - 4 scrolls of blinking
 Z - a scroll of enchant armour
Potions
 b - 4 potions of flight
 e - 5 potions of lignification
 p - 4 potions of haste
 r - 2 potions of cancellation
 v - 8 potions of might
 C - a potion of brilliance
 H - 2 potions of agility
 N - 6 potions of curing
 Q - 2 potions of invisibility
 S - 4 potions of heal wounds
Miscellaneous
 k - a phial of floods
 E - a box of beasts
 V - a lightning rod (4/4)
Comestibles
 c - 37 rations


   Skills:
 * Level 21.9 Fighting
 + Level 16.8(17.8) Polearms
 - Level 10.9(15.0) Staves
 - Level 4.0 Throwing
 + Level 16.5 Armour
 - Level 7.0 Dodging
 - Level 4.0 Evocations


You had 15 spell levels left.
You didn't know any spells.
Your spell library contained the following spells:

 Spells                   Type           Power        Failure   Level  Hunger
 Animate Skeleton         Necr           N/A          97%         1    ##.....
 Apportation              Tloc           #.....       97%         1    ##.....
 Confusing Touch          Hex            #.....       97%         1    ##.....
 Corona                   Hex            #......      97%         1    ##.....
 Magic Dart               Conj           #...         97%         1    ##.....
 Summon Butterflies       Summ           #.......     97%         1    ##.....
 Summon Small Mammal      Summ           #...         97%         1    ##.....
 Call Imp                 Summ           #.......     99%         2    ###....
 Ensorcelled Hibernation  Hex/Ice        #.....       99%         2    ###....
 Searing Ray              Conj           #.....       99%         2    ###....
 Call Canine Familiar     Summ           #.......     100%        3    ####...
 Confuse                  Hex            #.......     100%        3    ####...
 Dazzling Spray           Conj/Hex       #.....       100%        3    ####...
 Gell's Gravitas          Tloc           #.........   100%        3    ####...
 Lesser Beckoning         Tloc           #.........   100%        3    ####...
 Summon Guardian Golem    Hex/Summ       #.......     100%        3    ####...
 Tukima's Dance           Hex            #.......     100%        3    ####...
 Cause Fear               Hex            #.........   100%        4    #####..
 Force Lance              Conj/Tloc      #.......     100%        4    #####..
 Fulminant Prism          Conj/Hex       #.........   100%        4    #####..
 Iskenderun's Mystic Bla  Conj           #.......     100%        4    #####..
 Petrify                  Tmut/Erth      #.......     100%        4    #####..
 Summon Ice Beast         Ice/Summ       #.......     100%        4    #####..
 Summon Lightning Spire   Summ/Air       #.......     100%        4    #####..
 Alistair's Intoxication  Tmut/Pois      #.......     100%        5    ######.
 Metabolic Englaciation   Hex/Ice        #.........   100%        5    ######.
 Silence                  Hex/Air        #.........   100%        5    ######.
 Summon Mana Viper        Hex/Summ       #.......     100%        5    ######.
 Yara's Violent Unravell  Hex/Tmut       #.........   100%        5    ######.
 Deflect Missiles         Chrm/Air       #.........   100%        6    #######
 Invisibility             Hex            #.......     100%        6    #######
 Haunt                    Necr/Summ      #.........   100%        7    #######
 Summon Hydra             Summ           #.........   100%        7    #######
 Borgnjor's Revivificati  Necr           #.........   100%        8    #######
 Death's Door             Chrm/Necr      #.........   100%        8    #######
 Discord                  Hex            #.........   100%        8    #######
 Infestation              Necr           #.........   100%        8    #######
 Necromutation            Tmut/Necr      #.........   100%        8    #######


Dungeon Overview and Level Annotations

Branches:
Dungeon (15/15)            Temple (1/1) D:7            Lair (6/6) D:9
 Shoals (0/4) Lair:4       Spider (4/4) Lair:2        Slime (0/5) Lair:6
    Orc (2/2) D:10            Elf (1/3) Orc:2        Vaults (0/5) D:14
 Depths (1/5) D:15

Altars:
Ashenzari
Cheibriados
Dithmenos
Elyvilon
Fedhas
Gozag
Hepliaklqana
Kikubaaqudgha
Makhleb
Nemelex Xobeh
Okawaru
Qazlal
Ru
Sif Muna
Trog
Uskayaw
Vehumet
Wu Jian
Xom
Yredelemnul
Zin
The Shining One
Beogh

Shops:
D:7 (   D:13 *   Orc:1 :   Orc:2 }%[(:

Annotations:
Lair:6 Dream Sheep!, exclusion: 4 oklob plants
Spider:4 Mara


Innate Abilities, Weirdness & Mutations

You reflexively headbutt those who attack you in melee.
You have a pair of horns on your head.


Message History

Mara hits you from afar with a +2 vampiric demon trident!!
* * * LOW HITPOINT WARNING * * *
Mara draws strength from your wounds!
Okay, then.
As you read the scroll of fear, it crumbles to dust.
You assume a fearsome visage.
Mara is unaffected. x2
The orb of destruction is unaffected.
The orb spider looks frightened!
Mara blinks!
The orb of destruction hits a rock wall.
Mara blinks!
Mara is caught in a web!
Mara blinks!
Mara struggles to get unstuck from the web.
Mara blinks!
Something hits you but does no damage.
Deactivating autopickup; reactivate with Ctrl-A.
Mara blinks!
Mara is caught in a web!
Mara is caught in a web!
Mara struggles to get unstuck from the web.
Mara gestures at you. The bolt of fire hits you!! You resist.
You die...

#R..#####
###....#..#
#^#.R^....#
#.........#
#......#.##
#.....s###
#.....######
##....#.#..# #####
###..@....###...#
###.....^#.^...##
#.##..^....^....#
#.......^.....#####
##^.^....###...##.#
#....##.#.....#..##
#########^........##
######..^.....^#
##..#.##....#####


You could see Mara (webbed).

Vanquished Creatures
  Arachne (Spider:4)
  Asterion (Spider:1)
  Frances (Spider:1)
  2 frost giants
  A ghost moth (Spider:4)
  An emperor scorpion (Spider:3)
  3 entropy weavers
  A stone giant (Depths:1)
  An ettin (D:14)
  Snorg (Lair:4)
  A great orb of eyes (Depths:1)
  2 fire dragons
  An ogre mage (D:15)
  A yaktaur captain (D:14)
  A hydra (Lair:3)
  Harold (Lair:1)
  3 ice dragons
  8 vault guards (D:14)
  A centaur warrior (D:15)
  A death knight (D:15)
  9 two-headed ogres
  11 death yaks
  2 tengu warriors
  Urug (Lair:4)
  An orc high priest (Orc:2)
  4 skeletal warriors (D:14)
  A fire crab (Lair:6)
  The ghost of RotoRooter the Basher, a novice GrFi of Okawaru (D:7)
  An orange crystal statue (D:15)
  3 phantasmal warriors (D:15)
  7 orc knights
  3 deep elf magi
  5 oklob plants
  16 wolf spiders
  3 orc sorcerers
  6 orb spiders
  16 ugly things
  3 cyclopes (D:15)
  A manticore (Lair:4)
  3 moths of wrath
  3 centaur zombies
  7 black mambas
  4 elephants (Lair:5)
  2 ice statues (IceCv)
  A molten gargoyle (Lair:6)
  8 spiny frogs
  4 torpor snails
  A gargoyle (D:12)
  A yaktaur (D:14)
  8 komodo dragons
  A rime drake (shapeshifter) (D:14)
  A tengu conjurer (Depths:1)
  2 rime drakes
  8 demonic crawlers
  14 jumping spiders
  3 meliai (Spider:3)
  14 trolls
  16 polar bears
  4 slime creatures (D:14)
  Prince Ribbit (D:6)
  10 blink frogs
  7 dream sheep
  8 hippogriffs
  A shadow (D:12)
  54 redbacks
  A spriggan (D:12)
  4 wyverns
  20 tarantellas
  A centaur simulacrum (D:14)
  3 wraiths
  46 yaks
  5 basilisks
  A basilisk (shapeshifter) (D:14)
  A human (shapeshifter) (D:14)
  4 hungry ghosts
  4 steam dragons
  7 vampire mosquitoes
  Menkaure (D:6)
  11 wargs
  A soldier ant (D:13)
  A soldier ant (shapeshifter) (D:15)
  11 water moccasins
  3 hell hounds
  A swamp drake (Lair:5)
  47 orc warriors
  10 porcupines
  5 sky beasts
  2 ice beasts
  A necrophage (D:8)
  2 black bears
  21 wolves
  3 eyes of draining
  5 boggarts (D:15)
  18 centaurs
  3 phantoms
  12 ogres
  24 crocodiles
  Blork the orc (D:6)
  A big kobold (D:6)
  21 bullfrogs
  2 wyvern skeletons (D:12)
  7 scorpions
  14 killer bees
  11 wights
  An electric eel (Spider:3)
  A howler monkey (D:7)
  8 crimson imps
  3 bullfrog zombies
  4 lava snakes (Lair:6)
  18 orc priests
  3 bullfrog skeletons
  3 centaur skeletons
  5 hounds
  Jessica (D:2)
  26 orc wizards
  6 iguanas
  10 worker ants
  A howler monkey zombie (D:7)
  2 worker ant zombies
  10 gnolls
  11 adders
  3 howler monkey skeletons
  3 shadow imps
  5 oozes
  An adder zombie (D:6)
  2 worms (D:2)
  3 dart slugs (D:1)
  12 leopard geckos
  113 orcs
  A ball python (D:3)
  9 bats
  7 giant cockroaches
  11 goblins
  5 hobgoblins
  24 jackals
  12 kobolds
  4 quokkas
  14 frilled lizards
  2 leopard gecko skeletons (D:8)
  A leopard gecko zombie (D:8)
  11 rats
  A bush (Lair:6)
  3 fungi
  A plant (Lair:5)
  A withered plant (D:7)
1011 creatures vanquished.

Vanquished Creatures (collateral kills)
  An orb spider (Spider:1)
  An orc (Bailey)
2 creatures vanquished.

Vanquished Creatures (others)
  A wolf spider (Spider:4)
  A tarantella (Spider:3)
  A crocodile (Lair:5)
  A frilled lizard (Lair:5)
  3 bushes (Lair:6)
  10 fungi
  11 plants
  A withered plant (D:7)
29 creatures vanquished.

Grand Total: 1042 creatures vanquished

Notes
Turn   | Place    | Note
-------+----------+-------------------------------------------
     0 | D:1      | prey the Minotaur Berserker began the quest for the Orb.
     0 | D:1      | Reached XP level 1. HP: 19/19 MP: 0/0
    86 | D:1      | Reached XP level 2. HP: 16/27 MP: 1/1
   209 | D:1      | Reached skill level 4 in Fighting
   558 | D:1      | Reached XP level 3. HP: 25/33 MP: 2/2
   610 | D:1      | Reached ** piety under Trog
  1247 | D:2      | Reached XP level 4. HP: 41/41 MP: 3/3
  1402 | D:2      | Noticed Jessica
  1409 | D:2      | Killed Jessica
  1413 | D:2      | Found a basalt altar of Yredelemnul.
  1519 | D:2      | Found a white marble altar of Elyvilon.
  1880 | D:3      | Reached skill level 5 in Fighting
  1880 | D:3      | Reached XP level 5. HP: 48/48 MP: 4/4
  1918 | D:3      | Reached skill level 5 in Polearms
  2255 | D:3      | Reached *** piety under Trog
  2320 | D:3      | Found a shadowy altar of Dithmenos.
  2327 | D:3      | Reached XP level 6. HP: 54/57 MP: 5/5
  2342 | D:3      | Reached skill level 6 in Fighting
  2902 | D:4      | Reached XP level 7. HP: 64/64 MP: 6/6
  2999 | D:4      | Reached skill level 7 in Fighting
  3250 | D:4      | Reached **** piety under Trog
  3275 | D:4      | Reached skill level 5 in Armour
  3852 | D:5      | Entered Level 5 of the Dungeon
  3928 | D:5      | Reached skill level 8 in Fighting
  3928 | D:5      | Reached XP level 8. HP: 61/74 MP: 7/7
  4370 | D:5      | Got a pitted leather armour
  4383 | D:5      | Identified the +4 leather armour of the Ban {Str+5} (You
                  | found it on level 5 of the Dungeon)
  4599 | D:6      | Noticed Prince Ribbit
  4616 | D:6      | Noticed Blork the orc
  4616 | D:6      | Killed Prince Ribbit
  4616 | D:6      | Reached skill level 9 in Fighting
  4787 | D:6      | Killed Blork the orc
  4989 | D:6      | Reached skill level 10 in Fighting
  5042 | D:6      | Reached XP level 9. HP: 85/85 MP: 8/8
  5552 | D:6      | Found a snail-covered altar of Cheibriados.
  5553 | D:6      | Found an ornate altar of the Wu Jian Council.
  5597 | D:6      | You fall through a shaft for 3 floors!
  5620 | D:9      | Found the +5 scythe "Finisher" {speed, eviscerate}
  5856 | D:9      | Reached skill level 11 in Fighting
  6131 | D:8      | Reached ***** piety under Trog
  6181 | D:8      | Found a sparkling altar of Nemelex Xobeh.
  6376 | D:8      | Noticed a +0 dagger
  6378 | D:8      | Noticed a +0 hand axe
  6379 | D:8      | Found a hide-covered altar of Uskayaw.
  6492 | D:8      | Reached skill level 12 in Fighting
  6576 | D:8      | Reached XP level 10. HP: 97/97 MP: 9/9
  6953 | D:7      | Found Pir Jul's Antique Weapon Shop.
  7002 | D:7      | Found a staircase to the Ecumenical Temple.
  7063 | D:7      | Found a runed translucent door.
  7063 | D:7      | Noticed RotoRooter's ghost (novice GrFi)
  7091 | D:7      | Killed RotoRooter's ghost
  7689 | D:6      | Noticed Menkaure
  7694 | D:6      | Killed Menkaure
  8450 | D:9      | Received a gift from Trog
  8579 | D:9      | Found a staircase to the Lair.
  8742 | D:10     | Entered Level 10 of the Dungeon
  8764 | D:10     | Reached skill level 10 in Polearms
  8959 | D:10     | Got a shimmering leather armour
  8970 | D:10     | Identified the cursed +0 leather armour of Jiciam {+Blink
                  | Dex+3} (You found it on level 10 of the Dungeon)
  9040 | D:10     | Reached skill level 13 in Fighting
  9192 | D:10     | Reached skill level 10 in Armour
  9424 | D:10     | Found a shimmering altar of Xom.
  9516 | D:10     | Found a staircase to the Orcish Mines.
  9664 | D:11     | Reached XP level 11. HP: 108/108 MP: 10/10
  9724 | D:11     | Found a frozen archway.
  9726 | D:11     | Noticed an ice dragon
  9750 | D:11     | Killed an ice dragon
  9750 | D:11     | Reached skill level 14 in Fighting
  9795 | D:11     | Identified a scroll of acquirement
  9796 | D:11     | Got a pair of ancient gloves
  9802 | D:11     | Identified the +4 pair of gloves of Ivvea {rCorr} (You
                  | acquired it on level 11 of the Dungeon)
  9819 | IceCv    | Entered an ice cave
  9846 | IceCv    | Received a gift from Trog
 10207 | IceCv    | Noticed a frost giant
 10213 | IceCv    | Reached skill level 15 in Fighting
 10221 | IceCv    | Killed a frost giant
 10221 | IceCv    | Reached XP level 12. HP: 121/121 MP: 11/11
 10763 | D:11     | Noticed a two-headed ogre
 10772 | D:11     | Killed a two-headed ogre
 11282 | D:13     | Found Juub's General Store.
 11351 | D:13     | Found a flagged portal.
 11412 | Bailey   | Entered a bailey
 11485 | Bailey   | Reached ****** piety under Trog
 12184 | Bailey   | Reached skill level 16 in Fighting
 12441 | Bailey   | Got an ichor-stained morningstar
 12491 | Bailey   | Identified the +4 morningstar "Xocuimpe" {crush, rF+ rC+
                  | Dex+3} (You found it in a bailey)
 12934 | D:13     | Received a gift from Trog
 13349 | Orc:1    | Entered Level 1 of the Orcish Mines
 13824 | Orc:1    | Found Til Dixococ's Book Shop.
 14090 | Orc:2    | Entered Level 2 of the Orcish Mines
 14113 | Orc:2    | Received a gift from Trog
 14118 | Orc:2    | Reached XP level 13. HP: 130/130 MP: 12/12
 14448 | Orc:2    | Reached skill level 15 in Polearms
 14559 | Orc:2    | Found a staircase to the Elven Halls.
 14574 | Orc:2    | Reached skill level 17 in Fighting
 14983 | Orc:2    | Received a gift from Trog
 15035 | Orc:2    | Found Doggoal's Gadget Emporium.
 15940 | Orc:2    | Found Aciuveh's Armour Shop.
 15940 | Orc:2    | Found Coron's Weapon Shoppe.
 15942 | Orc:2    | Found Dokiffuq's Book Emporium.
 15944 | Orc:2    | Found Vitatol's Food Boutique.
 16160 | Elf:1    | Entered Level 1 of the Elven Halls
 16361 | Temple   | Entered the Ecumenical Temple
 16696 | Lair:1   | Entered Level 1 of the Lair of Beasts
 17072 | Lair:1   | Noticed Harold
 17079 | Lair:1   | Killed Harold
 17775 | Lair:1   | Received a gift from Trog
 17813 | Lair:1   | Found the +8 whip "Snakebite" {curare, rPois}
 17952 | Lair:2   | Found a hole to the Spider Nest.
 17970 | Lair:2   | Reached skill level 1 in Staves
 18904 | Lair:3   | Reached skill level 1 in Throwing
 18987 | Lair:3   | Reached skill level 1 in Evocations
 20664 | Lair:4   | Reached XP level 14. HP: 132/141 MP: 4/14
 20682 | Lair:4   | Noticed Urug
 20706 | Lair:4   | Killed Urug
 20706 | Lair:4   | Reached skill level 18 in Fighting
 20845 | Lair:4   | Found a staircase to the Shoals.
 20853 | Lair:4   | Reached skill level 5 in Dodging
 20948 | Lair:4   | Noticed Snorg
 20958 | Lair:4   | Killed Snorg
 21485 | Lair:6   | Entered Level 6 of the Lair of Beasts
 21508 | Lair:6   | Received a gift from Trog
 21508 | Lair:6   | Reached skill level 5 in Staves
 22158 | Lair:5   | Received a gift from Trog
 22423 | Lair:5   | Found the +15 Maxwell's patent armour {-Cast -Tele rElec
                  | MR+ rCorr}
 24433 | Lair:6   | Found a staircase to the Slime Pits.
 25301 | Lair:6   | Got a crude granite ring
 25305 | Lair:6   | Identified the ring of Enoz {rPois rF+ rN+ MR+ Dex-3
                  | Slay+3} (You found it on level 6 of the Lair of Beasts)
 25488 | Lair:6   | Found a large runed translucent door.
 25489 | Lair:6   | Found a large runed translucent door.
 26087 | Lair:6   | Received a gift from Trog
 26982 | D:12     | Reached XP level 15. HP: 151/151 MP: 5/17
 27504 | D:14     | Reached skill level 19 in Fighting
 27646 | D:14     | Noticed a frost giant
 27652 | D:14     | Killed a frost giant
 27666 | D:14     | Got an encrusted hand crossbow
 27910 | D:14     | Received a gift from Trog
 28017 | D:14     | Got a steaming hand axe
 28062 | D:15     | Entered Level 15 of the Dungeon
 28402 | D:15     | Reached skill level 10 in Staves
 29018 | D:14     | Found a gate to the Vaults.
 29023 | D:14     | Identified the cursed +3 hand axe of Harmony {chop, Dex+5}
                  | (You found it on level 14 of the Dungeon)
 29072 | D:14     | Identified the cursed +0 hand crossbow of the Tomato {elec,
                  | rPois rC+} (You found it on level 14 of the Dungeon)
 29315 | D:14     | Reached skill level 20 in Fighting
 29470 | D:14     | Reached skill level 15 in Armour
 29485 | D:14     | Received a gift from Trog
 30293 | D:15     | Reached XP level 16. HP: 154/165 MP: 3/18
 30386 | D:15     | Found a staircase to the Depths.
 30415 | Depths:1 | Entered Level 1 of the Depths
 30827 | Spider:1 | Entered Level 1 of the Spider Nest
 30856 | Spider:1 | Noticed Asterion
 30864 | Spider:1 | Killed Asterion
 30884 | Spider:1 | Received a gift from Trog
 32106 | Spider:1 | Noticed Frances
 32118 | Spider:1 | Killed Frances
 32118 | Spider:1 | Reached skill level 21 in Fighting
 32268 | Spider:2 | Found a roughly hewn altar of Beogh.
 32278 | Spider:2 | Got a translucent quarterstaff
 32680 | Spider:2 | Identified the +7 quarterstaff of the Desert {protect, +Inv
                  | +Fly rC- Int+7} (You found it on level 2 of the Spider
                  | Nest)
 33074 | Spider:3 | Received a gift from Trog
 33075 | Spider:3 | Got a jewelled great sword {god gift}
 33076 | Spider:3 | Identified the +2 great sword "Haiskest" {drain, rC+++
                  | rN+++ Str-4 Stlth-} (Trog gifted it to you on level 3 of
                  | the Spider Nest)
 33120 | Spider:4 | Entered Level 4 of the Spider Nest
 33120 | Spider:4 | Noticed Arachne
 33133 | Spider:4 | Killed Arachne
 35381 | Spider:4 | Received a gift from Trog
 35439 | Spider:4 | Received a gift from Trog
 35781 | Spider:4 | Noticed Mara
 35803 | Spider:4 | HP: 5/168 [Mara (illusionary)/+2 vampiric demon trident
                  | (21)]
 35813 | Spider:4 | Killed from afar by Mara (illusionary)

Skill      XL: |  1  2  3  4  5  6  7  8  9 10 11 12 13 14 15 16 |
---------------+-------------------------------------------------+-----
Polearms       | 4 5 6 7 9 11 13 14 15 16 | 16.8
Fighting       | 4 5 6 8 10 12 13 15 16 17 18 20 21 | 21.9
Armour         | 3 4 5 7 8 10 11 12 13 14 15 16 | 16.5
Dodging        | 3 4 6 7 |  7.0
Staves         | 4 8 10 | 10.9
Throwing       | 2 4 |  4.0
Evocations     | 2 4 |  4.0

Action                   |  1- 3 |  4- 6 |  7- 9 | 10-12 | 13-15 | 16-18 || total
-------------------------+-------+-------+-------+-------+-------+-------++-------
Melee: Spear             |   104 |    98 |       |       |       |       ||   202
       Headbutt          |    10 |    29 |    39 |    69 |   256 |    93 ||   496
       Trident           |       |    67 |   117 |       |       |       ||   184
       Halberd           |       |       |    80 |    14 |       |       ||    94
       Scythe            |       |       |   108 |   563 |   128 |       ||   799
       Lajatang          |       |       |       |       |  1001 |   373 ||  1374
       Glaive            |       |       |       |       |   163 |    60 ||   223
Throw: Tomahawk          |       |       |       |     3 |     4 |       ||     7
       Javelin           |       |       |       |       |    28 |     5 ||    33
Invok: Berserk           |       |     2 |     6 |    13 |    12 |     5 ||    38
       Trog's Hand       |       |     2 |     2 |     3 |     7 |     3 ||    17
       Brothers in Arms  |       |       |       |     2 |       |     1 ||     3
  Use: Potion            |       |       |     3 |     4 |       |     4 ||    11
       Scroll            |       |       |       |    26 |     7 |     3 ||    36
 Stab: Confused          |       |       |       |       |     1 |       ||     1
  Eat: Chunk             |     1 |     8 |    11 |    30 |    54 |    10 ||   114
       Ration            |       |       |     2 |     2 |     4 |     4 ||    12
Armor: Animal skin       |     5 |       |       |       |       |       ||     5
       Leather armour    |    10 |       |    23 |       |       |       ||    33
       Ring mail         |       |    35 |    13 |       |       |       ||    48
       Plate armour      |       |       |    98 |   114 |   495 |   681 ||  1388
       Ice dragon scales |       |       |       |   206 |       |       ||   206
       Chain mail        |       |       |       |     6 |   386 |       ||   392
Dodge: Dodged            |    28 |    93 |   125 |   264 |   537 |   349 ||  1396
